[Event "Titled Tuesday Blitz July 18 Late 2023"]
[White "Kanyamarala, Trisha"]
[Black "Tomaszewski, Kacper"]
[WhiteFideId "45004722"]
[BlackFideId "1127373"]
[WhiteElo "2358"]
[BlackElo "2454"]
[Result "0-1"]
[Round "8"]
[TimeControl "180+2"]
[Date "2023.07.18"]
[WhiteClock "0:00:03"]
[BlackClock "0:00:04"]
[Board "109"]

1. c4 g6 2. Nc3 Bg7 3. Nf3 e6 4. g3 Ne7 5. Bg2 d5 6. d4 O-O 7. O-O Nbc6 8. cxd5 exd5 9. Bg5 h6 10. Bf4 Be6 11. Ne5 Nxe5 12. Bxe5 Bxe5 13. dxe5 c5 14. Qd2 Kh7 15. Rfd1 d4 16. Ne4 Qc7 17. Nf6+ Kg7 18. Rac1 Qxe5 19. Ne4 b6 20. f4 Qh5 21. b4 Rac8 22. bxc5 bxc5 23. Nxc5 Rfd8 24. Nxe6+ fxe6 25. Rxc8 Nxc8 26. Qb2 Qc5 27. Kh1 Ne7 28. e3 Nf5 29. g4 Nxe3 30. Rc1 Qe7 31. Bf3 Rd7 32. Qb8 Qd6 33. Qb5 Rc7 34. Re1 Qxf4 35. Bg2 Rf7 36. Qe2 Qxg4 37. Qxg4 Nxg4 38. Rxe6 Ne3 39. Rd6 Nf5 40. Rd8 Rc7 41. Be4 Kf6 42. Bxf5 gxf5 43. Rxd4 Rc1+ 44. Kg2 Rc2+ 45. Kg3 Rxa2 46. Rd6+ Ke5 47. Rxh6 a5 48. Rh8 a4 49. Re8+ Kf6 50. h4 Ra1 51. Rf8+ Kg6 52. Rg8+ Kf7 53. Ra8 a3 54. Ra5 Kf6 55. Kf4 Rf1+ 56. Kg3 f4+ 57. Kg4 Ra1 58. Rf5+ Kg6 59. h5+ Kh7 60. Rf7+ Kh6 61. Rf6+ Kg7 62. Kf5 a2 63. h6+ Kh7 64. Ra6 f3 65. Ra7+ Kxh6 66. Ra6+ Kh7 67. Ra7+ Kg8 68. Ra8+ Kf7 69. Ra7+ Ke8 70. Ra8+ Kd7 71. Rxa2 Rxa2 0-1


[Site "https://www.chess.com"]

[Event "Titled Tuesday Blitz July 18 Late 2023"]
[White "Bueno, Alfeu Junior Varela"]
[Black "Cruz, William Ferreira Da"]
[WhiteFideId "2108879"]
[BlackFideId "2118050"]
[WhiteElo "2399"]
[BlackElo "2311"]
[Result "1-0"]
[Round "8"]
[TimeControl "180+2"]
[Date "2023.07.18"]
[WhiteClock "0:00:24"]
[BlackClock "0:00:00"]
[Board "110"]

1. e4 e6 2. d4 d5 3. Nd2 c5 4. exd5 Qxd5 5. Ngf3 cxd4 6. Bc4 Qd8 7. O-O Nc6 8. Nb3 Nf6 9. Nbxd4 Nxd4 10. Nxd4 a6 11. c3 Qc7 12. Bb3 Bd6 13. h3 Bd7 14. Re1 O-O-O 15. Qf3 Kb8 16. a4 e5 17. Nc2 e4 18. Qe2 Bf5 19. a5 h6 20. Be3 Bc5 21. Nd4 Bh7 22. Qc4 Nd5 23. Nc6+ Qxc6 24. Bxc5 Nf4 25. Be3 Qxc4 26. Bxf4+ Qc7 27. Bxc7+ Kxc7 28. Bxf7 Rd2 29. b4 Rf8 30. Ra2 Rd3 31. Bc4 Rxc3 32. Bd5 Rd8 33. Bxe4 Re8 34. Rae2 Bxe4 35. Rxe4 Rxe4 36. Rxe4 Kd6 37. Rg4 Rc7 38. Rg6+ Kd5 39. Rb6 Kc4 40. g4 Rf7 41. Kg2 Kd4 42. Kg3 Ke4 43. f4 Rd7 44. Re6+ Kd5 45. Re5+ Kc4 46. Re4+ Kb5 47. f5 Rd3+ 48. Kh4 Rd7 49. Kh5 b6 50. axb6 Kxb6 51. h4 Kc6 52. g5 hxg5 53. hxg5 Kd5 54. Re1 Rb7 55. f6 gxf6 56. gxf6 Rxb4 57. f7 Rb8 58. Re8 Rb1 59. f8=Q 1-0


[Site "https://www.chess.com"]

[Event "Titled Tuesday Blitz July 18 Late 2023"]
[White "Mikhalsky, Vladimir"]
[Black "Cooper, Aaron"]
[WhiteFideId "14144352"]
[BlackFideId "2634945"]
[WhiteElo "2396"]
[BlackElo "2287"]
[Result "0-1"]
[Round "8"]
[TimeControl "180+2"]
[Date "2023.07.18"]
[WhiteClock "0:00:00"]
[BlackClock "0:00:14"]
[Board "111"]

1. d4 Nf6 2. c4 e6 3. g3 d5 4. Bg2 Be7 5. Nf3 O-O 6. O-O dxc4 7. Qc2 a6 8. a4 Nbd7 9. a5 c5 10. Rd1 cxd4 11. Rxd4 Qc7 12. Rxc4 Qb8 13. Nc3 Ne5 14. Nxe5 Qxe5 15. Bf4 Qh5 16. Rc7 Bd8 17. Rxb7 Bxb7 18. Bxb7 Bxa5 19. Bf3 Qc5 20. Be3 Qc7 21. Bxa8 Rxa8 22. Qd3 Bxc3 23. Qxc3 Qxc3 24. bxc3 Nd5 25. Bd4 f6 26. c4 Nb4 27. Ra4 Nc6 28. Bb6 Kf7 29. c5 Ke7 30. Rg4 g6 31. Rh4 h5 32. g4 Rh8 33. gxh5 gxh5 34. Ra4 Nb8 35. Bc7 Kd7 36. Bxb8 Rxb8 37. Rxa6 Rb1+ 38. Kg2 Rc1 39. Ra7+ Kc6 40. Re7 Kd5 41. Rh7 Rxc5 42. Rxh5+ f5 43. Kf3 Ke5 44. Rh6 Rc4 45. h4 Rf4+ 46. Ke3 Re4+ 47. Kd3 Kf4 48. f3 Re3+ 49. Kd2 Re5 50. Rh8 Kg3 51. h5 Kf2 52. e3 Rxe3 53. h6 Rxf3 54. Re8 Rh3 55. Rxe6 f4 56. Rf6 f3 57. Kd3 Kf1 58. Kd2 f2 59. Kd1 Kg1 60. Ke2 Rxh6 0-1


[Site "https://www.chess.com"]

[Event "Titled Tuesday Blitz July 18 Late 2023"]
[White "Hoffmann, Asa"]
[Black "Thiel, Thomas"]
[WhiteFideId "2001470"]
[BlackFideId "4615964"]
[WhiteElo "2382"]
[BlackElo "2257"]
[Result "1-0"]
[Round "8"]
[TimeControl "180+2"]
[Date "2023.07.18"]
[WhiteClock "0:00:54"]
[BlackClock "0:00:00"]
[Board "112"]

1. d4 d5 2. Bg5 f6 3. Bf4 g5 4. Bg3 h5 5. h3 h4 6. Bh2 Nh6 7. e3 Nf7 8. c4 e6 9. Nc3 Bb4 10. Qa4+ Nc6 11. Nf3 Bd7 12. Qb3 dxc4 13. Bxc4 Qe7 14. O-O-O O-O-O 15. a3 Bd6 16. Nb5 Bxh2 17. Rxh2 a6 18. Nc3 Na5 19. Qa2 Nxc4 20. Qxc4 Bc6 21. Rhh1 Nd6 22. Qd3 e5 23. d5 e4 24. Qf1 Bb5 25. Nxb5 Nxb5 26. Nd4 Rxd5 27. Nxb5 Rxb5 28. Qe2 Qe6 29. Kb1 Rd8 30. Rxd8+ Kxd8 31. Rd1+ Rd5 32. Rxd5+ Qxd5 33. Qh5 Qd3+ 34. Ka1 Qf1+ 35. Ka2 Qc4+ 36. Ka1 Qf1+ 37. Ka2 Qxg2 38. Qh8+ Ke7 39. Qg7+ Ke6 40. Qg8+ Kf5 41. Qh7+ Ke5 42. Qe7+ Kf5 43. Qh7+ Ke5 44. Qxc7+ Kf5 45. Qd7+ Ke5 46. Qe7+ Kf5 47. Qxb7 Qxf2 48. Qd5+ Kg6 49. Qxe4+ Qf5 50. Qe8+ Kh6 51. e4 Qxh3 52. e5 Qe3 53. Qh8+ Kg6 54. Qxf6+ Kh5 55. e6 1-0


[Site "https://www.chess.com"]

[Event "Titled Tuesday Blitz July 18 Late 2023"]
[White "UgarteCesar"]
[Black "Topalov, Aleksandar"]
[BlackFideId "925659"]
[WhiteElo "2249"]
[BlackElo "2375"]
[Result "0-1"]
[Round "8"]
[TimeControl "180+2"]
[Date "2023.07.18"]
[WhiteClock "0:01:05"]
[BlackClock "0:02:19"]
[Board "113"]

1. d4 Nf6 2. Bg5 g6 3. Bxf6 exf6 4. g3 f5 5. e3 h5 6. h4 Bh6 7. Bg2 d6 8. Ne2 Nd7 9. Nd2 Nf6 10. O-O Ng4 11. Re1 O-O 12. Nf1 g5 13. hxg5 Qxg5 14. Nh2 h4 15. Nf3 hxg3 16. Nxg5 gxf2+ 17. Kf1 Nxe3+ 18. Kxf2 Nxd1+ 19. Raxd1 Bxg5 20. Rg1 f6 21. Bd5+ Kg7 22. Nf4 c6 23. Be6 Re8 24. Rde1 Bxe6 25. Nxe6+ Kg6 26. Nf4+ Kf7 27. Nd3 Rxe1 28. Rxe1 Bh4+ 0-1


[Site "https://www.chess.com"]

[Event "Titled Tuesday Blitz July 18 Late 2023"]
[White "Todorovic, Bojan"]
[Black "Sarkar, Justin"]
[WhiteFideId "917087"]
[BlackFideId "2010011"]
[WhiteElo "2367"]
[BlackElo "2247"]
[Result "1-0"]
[Round "8"]
[TimeControl "180+2"]
[Date "2023.07.18"]
[WhiteClock "0:01:32"]
[BlackClock "0:00:00"]
[Board "114"]

1. d4 Nf6 2. c4 e6 3. Nf3 c5 4. d5 d6 5. Nc3 exd5 6. cxd5 g6 7. Nd2 Bg7 8. Nc4 O-O 9. Bf4 Ne8 10. Qd2 Na6 11. g3 Nac7 12. a4 b6 13. Bg2 Ba6 14. b3 Qe7 15. O-O Bxc4 16. bxc4 Be5 17. Bg5 Bxc3 18. Bxe7 Bxd2 19. Bxf8 Kxf8 20. Rfd1 Bc3 21. Ra3 Bg7 22. a5 b5 23. cxb5 Nxb5 24. Rb3 a6 25. e3 c4 26. Rb4 Rc8 27. Bf1 c3 28. Bxb5 axb5 29. Rxb5 Nc7 30. Rb7 Nxd5 31. a6 c2 32. Rc1 Ra8 33. a7 1-0


[Site "https://www.chess.com"]

[Event "Titled Tuesday Blitz July 18 Late 2023"]
[White "Vanek, Tomas"]
[Black "Ortega Ruiz, Jose Miguel"]
[WhiteFideId "313459"]
[BlackFideId "2209713"]
[WhiteElo "2173"]
[BlackElo "2360"]
[Result "0-1"]
[Round "8"]
[TimeControl "180+2"]
[Date "2023.07.18"]
[WhiteClock "0:00:00"]
[BlackClock "0:00:17"]
[Board "115"]

1. d4 Nf6 2. Bf4 g6 3. Nc3 d6 4. Nf3 Bg7 5. e4 O-O 6. e5 Nfd7 7. Bc4 Nb6 8. Bb3 d5 9. O-O Nc6 10. Re1 Bg4 11. Be3 Kh8 12. h3 Bc8 13. a3 h6 14. Qd2 Kh7 15. Nh2 f6 16. f4 fxe5 17. fxe5 Be6 18. Nf3 Qd7 19. Na4 Nxa4 20. Bxa4 Bxh3 21. Bxc6 bxc6 22. Nh2 Be6 23. Rf1 Rxf1+ 24. Rxf1 Rf8 25. Rxf8 Bxf8 26. b4 Bf5 27. Qe2 Be4 28. g4 e6 29. Qa6 Qf7 30. Qxa7 h5 31. Qa8 Be7 32. Qxc6 Bh4 33. Qc3 Bg3 34. Qd2 h4 35. g5 h3 36. Qe2 Bxh2+ 37. Kxh2 Qf5 38. Qf2 Qxf2+ 39. Bxf2 Bxc2 40. Be3 Ba4 0-1


[Site "https://www.chess.com"]

[Event "Titled Tuesday Blitz July 18 Late 2023"]
[White "kripri"]
[Black "Osmonbekov, Talaibek"]
[BlackFideId "2017253"]
[WhiteElo "2318"]
[BlackElo "2189"]
[Result "0-1"]
[Round "8"]
[TimeControl "180+2"]
[Date "2023.07.18"]
[WhiteClock "0:01:41"]
[BlackClock "0:02:09"]
[Board "116"]

1. e4 c5 2. Nf3 d6 3. d4 cxd4 4. Nxd4 Nf6 5. Nc3 g6 6. Be3 Bg7 7. f3 O-O 8. Qd2 Nc6 9. O-O-O d5 10. Nxc6 bxc6 11. Bh6 Be6 12. e5 Nd7 13. Bxg7 Kxg7 14. h4 h5 15. f4 Rb8 16. Be2 Nc5 17. g4 hxg4 18. h5 Rh8 19. hxg6 fxg6 20. Qd4 Qb6 21. b3 Rxh1 22. Rxh1 Nxb3+ 23. axb3 Qxd4 0-1


[Site "https://www.chess.com"]

[Event "Titled Tuesday Blitz July 18 Late 2023"]
[White "Palencia Morales, Wilson Guillermo"]
[Black "Broca Jimenez, Fernando"]
[WhiteFideId "4401859"]
[BlackFideId "5104742"]
[WhiteElo "2532"]
[BlackElo "2264"]
[Result "1-0"]
[Round "8"]
[TimeControl "180+2"]
[Date "2023.07.18"]
[WhiteClock "0:01:04"]
[BlackClock "0:00:00"]
[Board "117"]

1. d4 g6 2. c4 Bg7 3. Nf3 c5 4. d5 d6 5. g3 e5 6. dxe6 fxe6 7. Bg2 Nf6 8. O-O d5 9. Bf4 Nc6 10. Ne5 O-O 11. Nc3 Nxe5 12. Bxe5 d4 13. Na4 Qe7 14. b4 cxb4 15. c5 Bd7 16. Bd6 Qe8 17. Nb2 Rf7 18. Qxd4 Nd5 19. Qd2 Bc6 20. e4 Nc3 21. Rfe1 Qd7 22. Nc4 Rd8 23. e5 Nb5 24. Qxb4 Bd5 25. Bxd5 exd5 26. e6 Qe8 27. exf7+ Qxf7 28. Ne5 Bxe5 29. Rxe5 a6 30. Rae1 Qf3 31. Qd2 1-0


[Site "https://www.chess.com"]

[Event "Titled Tuesday Blitz July 18 Late 2023"]
[White "Womacka, Mathias"]
[Black "rikchessmx"]
[WhiteFideId "4611390"]
[WhiteElo "2529"]
[BlackElo "2256"]
[Result "1-0"]
[Round "8"]
[TimeControl "180+2"]
[Date "2023.07.18"]
[WhiteClock "0:00:50"]
[BlackClock "0:00:56"]
[Board "118"]

1. e4 c5 2. Nf3 e6 3. d4 cxd4 4. Nxd4 a6 5. Bd3 Qc7 6. Qe2 Nf6 7. O-O h5 8. h3 Bc5 9. Nb3 Ba7 10. e5 Nd5 11. c4 Nb4 12. Bf4 N8c6 13. Re1 Nxd3 14. Qxd3 Bb8 15. Nc3 g5 16. Bh2 g4 17. Ne4 gxh3 18. Qxh3 Qd8 19. Nf6+ Kf8 20. Qf3 h4 21. Rad1 h3 22. gxh3 Ne7 23. Nc5 d5 24. exd6 Nf5 25. d7 Bxh2+ 26. Kxh2 Qxf6 27. d8=Q+ Kg7 28. Qxf6+ Kxf6 29. Ne4+ Ke7 30. Qa3+ Ke8 31. Nf6# 1-0


[Site "https://www.chess.com"]

[Event "Titled Tuesday Blitz July 18 Late 2023"]
[White "Cardozo Munar, Carlos Eduardo"]
[Black "Shubenkova, Veronika"]
[WhiteFideId "4409477"]
[BlackFideId "44124040"]
[WhiteElo "2244"]
[BlackElo "2491"]
[Result "0-1"]
[Round "8"]
[TimeControl "180+2"]
[Date "2023.07.18"]
[WhiteClock "0:00:10"]
[BlackClock "0:01:08"]
[Board "119"]

1. e4 e6 2. Nf3 d5 3. d3 Nf6 4. Nbd2 c5 5. g3 Nc6 6. Bg2 d4 7. O-O e5 8. c3 Bd6 9. Nc4 O-O 10. Nxd6 Qxd6 11. cxd4 cxd4 12. a3 Bg4 13. Bg5 h6 14. Bd2 a5 15. Qb3 Nd7 16. Rac1 Nc5 17. Qb5 Ne6 18. Qxb7 Ne7 19. Qb3 Rfb8 20. Qc2 Rc8 21. Qb1 Nc5 22. b4 Na4 23. bxa5 Nc3 24. Bxc3 dxc3 25. Qb4 Qxd3 26. Nxe5 Qe2 27. Qxe7 Be6 28. Rfd1 Rab8 29. Nd3 c2 30. Re1 Qxd3 31. f4 Rb1 32. f5 Rxc1 33. Rxc1 Qe3+ 34. Kf1 Qxc1+ 35. Kf2 Qd2+ 36. Kf3 c1=Q 37. fxe6 Qcd1# 0-1


[Site "https://www.chess.com"]

[Event "Titled Tuesday Blitz July 18 Late 2023"]
[White "De Souza, Cristiano Gomes"]
[Black "Seletsky, Grigory"]
[WhiteFideId "2151758"]
[BlackFideId "14112191"]
[WhiteElo "2243"]
[BlackElo "2473"]
[Result "0-1"]
[Round "8"]
[TimeControl "180+2"]
[Date "2023.07.18"]
[WhiteClock "0:00:42"]
[BlackClock "0:01:26"]
[Board "120"]

1. d4 g6 2. c4 Bg7 3. Nc3 c6 4. Nf3 d6 5. e4 Nf6 6. Be2 O-O 7. O-O Nbd7 8. Be3 e5 9. h3 exd4 10. Nxd4 Re8 11. Qc2 Nc5 12. f3 d5 13. Nxc6 bxc6 14. Bxc5 dxe4 15. Nxe4 Nxe4 16. fxe4 Bd4+ 17. Bxd4 Qxd4+ 18. Kh1 Qxe4 19. Qxe4 Rxe4 20. Bf3 Rxc4 21. Rac1 Rxc1 22. Rxc1 Bb7 23. b4 Rb8 24. a4 Ba8 25. Rc4 Kf8 26. Kg1 Ke7 27. Kf2 Kd6 28. Ke3 a5 29. bxa5 c5 30. Bxa8 Rxa8 31. Kd3 Rxa5 32. Kc3 Ra7 33. Kb3 Kd5 34. Rc1 Rb7+ 35. Ka3 Re7 36. a5 Kc6 37. Rb1 Re3+ 38. Ka4 Re4+ 39. Ka3 c4 40. Kb4 Re5 41. Kxc4 Rxa5 42. Rb2 Ra4+ 43. Kd3 Rf4 44. Ke3 Rf6 45. Ra2 Kd7 46. Ke2 h5 47. g3 Ke7 48. Ra7+ Kf8 49. Ke3 Kg7 50. Ra4 g5 51. Ra5 Kg6 52. Rb5 g4 53. hxg4 hxg4 54. Ke4 Rf3 55. Rb6+ Kg5 56. Rb8 f5+ 57. Ke5 Re3+ 58. Kd4 Rxg3 59. Rg8+ Kf4 60. Kd5 Re3 0-1


[Site "https://www.chess.com"]

[Event "Titled Tuesday Blitz July 18 Late 2023"]
[White "Kuchava, Ana"]
[Black "Kaplan, Avi Harrison"]
[WhiteFideId "13605348"]
[BlackFideId "30934559"]
[WhiteElo "2229"]
[BlackElo "2471"]
[Result "0-1"]
[Round "8"]
[TimeControl "180+2"]
[Date "2023.07.18"]
[WhiteClock "0:00:15"]
[BlackClock "0:00:18"]
[Board "121"]

1. d4 Nf6 2. Nf3 e5 3. Nxe5 Bd6 4. Nf3 O-O 5. Bg5 h6 6. Bh4 g5 7. Bg3 Ne4 8. e3 Qe7 9. Be2 Bxg3 10. hxg3 Qb4+ 11. Nbd2 Qxb2 12. Nxe4 d5 13. Nf6+ Kg7 14. Nxd5 Be6 15. c4 Na6 16. Rb1 Qxa2 17. O-O c6 18. Nc3 Qa5 19. Ne4 Bf5 20. Bd3 Nb4 21. Qd2 c5 22. Nxc5 Bxd3 23. Nxd3 Nc6 24. Qxa5 Nxa5 25. Rb5 Nxc4 26. Rxb7 a5 27. Nfe5 Nd6 28. Ra1 Nxb7 29. Ra4 Rfc8 30. Kf1 Nd6 31. Nc5 Rcb8 32. Nc6 Rb1+ 33. Ke2 Nb5 34. Rxa5 Rxa5 35. Nxa5 Rb2+ 36. Kf3 g4+ 37. Kxg4 Rxf2 38. Nc4 Rc2 39. Ne5 Rxg2 40. Ncd7 f6 41. Nf3 Re2 42. Nh4 Nd6 43. Kf3 Re1 44. Ng2 Rf1+ 45. Kg4 Ra1 46. Nf4 Ra5 47. Nc5 Ra3 48. Nh5+ Kf7 49. Nf4 Rxe3 50. Nd7 Re4 51. d5 Rd4 52. Nb6 Rd1 53. Na4 Ne4 54. Nc5 Ng5 55. Nce6 Nxe6 56. dxe6+ Ke7 57. Kh5 Rg1 58. Kh4 Rh1+ 59. Kg4 h5+ 60. Kf3 Rf1+ 61. Kg2 Ra1 62. Kh3 Ra5 63. Kh4 Rg5 64. Nxh5 Kxe6 65. Nf4+ Kf5 66. Kh3 Rg4 67. Ne2 Rg8 68. Nd4+ Kg6 69. Ne6 Rh8+ 70. Kg4 Ra8 71. Nf4+ Kf7 72. Kf3 Ra5 73. Nd3 Ra4 74. Nf4 Ra3+ 75. Kg2 f5 76. Kh3 Kf6 77. Kh4 Ra1 78. Kh3 Kg5 79. Ne6+ Kf6 80. Nf4 Ra8 81. Kg2 Kg5 82. Kf3 Ra3+ 83. Kg2 Kg4 84. Ne2 Ra2 85. Kf2 Rxe2+ 86. Kxe2 Kxg3 87. Kf1 f4 88. Kg1 Kf3 89. Kf1 Ke3 90. Ke1 f3 91. Kf1 f2 92. Kg2 Ke2 93. Kg3 f1=R 94. Kg2 Rf3 95. Kh2 Ke3 96. Kg2 Kf4 97. Kh2 Kg4 98. Kg2 Rf4 99. Kh2 Rf2+ 100. Kg1 Kg3 101. Kh1 Rf3 102. Kg1 Rf4 103. Kh1 Rf5 104. Kg1 Rf6 105. Kh1 Rf7 106. Kg1 Rf8 107. Kh1 Kh3 108. Kg1 Rf7 109. Kh1 Rf6 110. Kg1 Rf5 111. Kh1 Rf4 112. Kg1 Rf3 113. Kh1 Rf1# 0-1


[Site "https://www.chess.com"]

[Event "Titled Tuesday Blitz July 18 Late 2023"]
[White "De Arruda, Leandro Formes"]
[Black "Bibasa, Bob"]
[WhiteFideId "22722009"]
[BlackFideId "10000240"]
[WhiteElo "2216"]
[BlackElo "2420"]
[Result "0-1"]
[Round "8"]
[TimeControl "180+2"]
[Date "2023.07.18"]
[WhiteClock "0:00:00"]
[BlackClock "0:01:04"]
[Board "122"]

1. d4 e6 2. Nf3 f5 3. e3 Nf6 4. Bd3 b6 5. Nbd2 Bb7 6. O-O Be7 7. Re1 O-O 8. e4 fxe4 9. Nxe4 Nc6 10. Qe2 Qe8 11. c3 Qh5 12. Ng3 Qe8 13. Ng5 h6 14. N5e4 Nxe4 15. Qxe4 Rf6 16. Qh7+ Kf8 17. Nh5 Qxh5 18. Bf4 Bd6 19. Bxd6+ cxd6 20. d5 Ne7 21. dxe6 dxe6 22. Re3 Nf5 23. Bxf5 Qxf5 0-1


[Site "https://www.chess.com"]

[Event "Titled Tuesday Blitz July 18 Late 2023"]
[White "Novikova, Margarita"]
[Black "Stachanczyk, Jacek"]
[WhiteFideId "14109689"]
[BlackFideId "1116657"]
[WhiteElo "2197"]
[BlackElo "2403"]
[Result "0-1"]
[Round "8"]
[TimeControl "180+2"]
[Date "2023.07.18"]
[WhiteClock "0:00:00"]
[BlackClock "0:01:03"]
[Board "123"]

1. d4 Nf6 2. Bf4 g6 3. c3 Bg7 4. Nd2 d5 5. Ngf3 O-O 6. e3 c5 7. h3 cxd4 8. cxd4 Nc6 9. Be2 Bf5 10. a3 Rc8 11. O-O Ne4 12. Nh4 Be6 13. Nxe4 dxe4 14. g4 Bd5 15. Rc1 e5 16. Bg3 exd4 17. exd4 Nxd4 18. Rxc8 Qxc8 19. Qd2 Nxe2+ 20. Kh2 Nxg3 21. fxg3 Bc6 22. g5 Qe6 23. Ng2 e3 24. Nxe3 Bxb2 25. Ng4 Bg7 26. Nf6+ Bxf6 27. gxf6 Qd5 28. Qf2 Re8 29. Rg1 Qf3 30. Qxf3 Bxf3 31. g4 h6 32. Kg3 Bc6 33. h4 Re3+ 34. Kf4 Rxa3 35. g5 Ra4+ 36. Kg3 Rd4 37. Re1 Rd8 38. Ra1 Ra8 39. Kf4 a5 40. Ke5 a4 41. Kd6 a3 42. Kc7 a2 43. Kb6 Be4 0-1


[Site "https://www.chess.com"]

[Event "Titled Tuesday Blitz July 18 Late 2023"]
[White "Francisco_Ferrari"]
[Black "Boor, Carl"]
[BlackFideId "2017008"]
[WhiteElo "2184"]
[BlackElo "2394"]
[Result "0-1"]
[Round "8"]
[TimeControl "180+2"]
[Date "2023.07.18"]
[WhiteClock "0:00:07"]
[BlackClock "0:00:43"]
[Board "124"]

1. e4 e5 2. Nf3 Nf6 3. Nxe5 d6 4. Nf3 Nxe4 5. Nc3 Nxc3 6. dxc3 Be7 7. Be3 Nc6 8. Qd2 Be6 9. O-O-O h6 10. Kb1 Bf6 11. Bd3 Qd7 12. Rhe1 O-O-O 13. Nd4 Nxd4 14. cxd4 Qa4 15. b3 Qc6 16. f3 d5 17. a4 a6 18. Kb2 Qd6 19. Ra1 Qxh2 20. b4 Qd6 21. b5 Qb6 22. Kc1 a5 23. c3 Kd7 24. Bf4 Rde8 25. Be5 Bxe5 26. Rxe5 Re7 27. Qf4 Qd6 28. Qh4 b6 29. Kd2 Rhe8 30. Rae1 f6 31. Rxe6 Rxe6 32. Bf5 Kd8 33. Rxe6 Rxe6 34. Bxe6 Qxe6 35. Qf4 g5 36. Qh2 f5 37. Kd3 f4 38. Qh5 Kc8 39. Qh2 Kb7 40. Kc2 Qe2+ 41. Kb3 Qc4+ 42. Ka3 Qxc3+ 43. Ka2 Qd2+ 44. Kb1 Qb4+ 45. Kc1 Qc4+ 46. Kd1 Qxd4+ 47. Ke1 Qa1+ 48. Kf2 Qb2+ 49. Kf1 Qc1+ 50. Ke2 Qc2+ 51. Ke1 Qg6 52. Kd2 Qe6 53. Qh5 d4 54. Qg4 Qxg4 55. fxg4 c5 56. Kd3 Kc7 0-1


[Site "https://www.chess.com"]

[Event "Titled Tuesday Blitz July 18 Late 2023"]
[White "Sailer, Mike"]
[Black "AndresDelgado77"]
[WhiteFideId "2012901"]
[WhiteElo "2170"]
[BlackElo "2337"]
[Result "0-1"]
[Round "8"]
[TimeControl "180+2"]
[Date "2023.07.18"]
[WhiteClock "0:00:00"]
[BlackClock "0:00:02"]
[Board "125"]

1. d4 Nf6 2. Nc3 e6 3. Bf4 c5 4. d5 a6 5. e4 Qb6 6. Rb1 Nxe4 7. Nxe4 Qb4+ 8. Nc3 Qxf4 9. Nh3 Qe5+ 10. Be2 exd5 11. Nxd5 Nc6 12. Nb6 Rb8 13. O-O Bd6 14. f4 Qd4+ 15. Kh1 O-O 16. Qe1 Bc7 17. Rd1 Qf6 18. Nxd7 Bxd7 19. Rxd7 Rbc8 20. Bf3 Rfe8 21. Qd2 Rcd8 22. Re1 Rxe1+ 23. Qxe1 Ba5 24. c3 g6 25. Rxb7 Kf8 26. Bxc6 Kg7 27. Bf3 c4 28. Ng5 Rd6 29. Rxf7+ Qxf7 30. Nxf7 Kxf7 31. h3 Bb6 32. g4 Rd3 33. Kg2 Re3 34. Qd2 Rd3 35. Qc2 Be3 36. Qa4 Bxf4 37. Qxa6 Rd2+ 38. Kf1 Be3 39. Qb7+ Kf6 40. Qc6+ Kg5 41. Ke1 Kh4 42. Qe4 Bg5 0-1


[Site "https://www.chess.com"]

[Event "Titled Tuesday Blitz July 18 Late 2023"]
[White "Slovineanu, Viacheslav"]
[Black "gordonzyxu"]
[WhiteFideId "13900510"]
[WhiteElo "2325"]
[BlackElo "2091"]
[Result "1-0"]
[Round "8"]
[TimeControl "180+2"]
[Date "2023.07.18"]
[WhiteClock "0:00:09"]
[BlackClock "0:00:00"]
[Board "126"]

1. d4 Nf6 2. Nf3 g6 3. c4 Bg7 4. Nc3 d5 5. cxd5 Nxd5 6. e4 Nxc3 7. bxc3 c5 8. Bb5+ Nc6 9. O-O O-O 10. Bxc6 bxc6 11. Qc2 cxd4 12. cxd4 Bg4 13. Ne5 Bxe5 14. dxe5 Qc7 15. Bb2 Be6 16. Qc5 Rab8 17. Ba3 Rfe8 18. Rfc1 Bd7 19. Rab1 Rb6 20. Rb3 Qb7 21. h4 Rxb3 22. axb3 Qxb3 23. h5 Qb5 24. Qxa7 Be6 25. hxg6 hxg6 26. Qc7 Qb3 27. Bxe7 Rc8 28. Qd6 Qb2 29. Rd1 Qb8 30. Qd2 Qxe5 31. f3 c5 32. Bd6 Qf6 33. Bf4 c4 34. Bg5 Qe5 35. Bf4 Qc5+ 36. Be3 Qe7 37. Bd4 f5 38. Bc3 fxe4 39. Qd4 Qh7 40. fxe4 Bg4 41. Rf1 Be6 42. Rf6 Bf7 43. Rd6 Re8 44. Rd8 Kf8 45. Qd6+ Kg8 46. Qf6 Rxd8 47. Qxd8+ 1-0


[Site "https://www.chess.com"]

[Event "Titled Tuesday Blitz July 18 Late 2023"]
[White "Garmendiarov"]
[Black "Feliz Dotel, Dewar Bienvenido"]
[BlackFideId "6402801"]
[WhiteElo "2295"]
[BlackElo "2089"]
[Result "1-0"]
[Round "8"]
[TimeControl "180+2"]
[Date "2023.07.18"]
[WhiteClock "0:00:28"]
[BlackClock "0:00:19"]
[Board "127"]

1. e4 e5 2. Nf3 Nc6 3. Bb5 Nf6 4. d3 Ne7 5. O-O c6 6. Bc4 Ng6 7. Re1 b5 8. Bb3 a5 9. a4 Be7 10. Nc3 b4 11. Ne2 O-O 12. Ng3 d6 13. Nf5 Nf4 14. Bxf4 exf4 15. Qd2 Nh5 16. g4 fxg3 17. hxg3 Be6 18. Nxe7+ Qxe7 19. Kg2 c5 20. Rh1 Nf6 21. Qg5 Rae8 22. Nh4 Nd7 23. Qh5 Bxb3 24. Nf5 Qf6 25. Qxh7# 1-0


[Site "https://www.chess.com"]

[Event "Titled Tuesday Blitz July 18 Late 2023"]
[White "Barwinska, Ewa"]
[Black "Floresvillar Gonzalez, Luis Migu"]
[WhiteFideId "21833761"]
[BlackFideId "5100542"]
[WhiteElo "2288"]
[BlackElo "2087"]
[Result "1-0"]
[Round "8"]
[TimeControl "180+2"]
[Date "2023.07.18"]
[WhiteClock "0:00:44"]
[BlackClock "0:00:18"]
[Board "128"]

1. e4 c6 2. d4 d5 3. Nc3 dxe4 4. Nxe4 Bf5 5. Ng3 Bg6 6. h4 h6 7. h5 Bh7 8. f4 e6 9. Nf3 Nd7 10. Bd3 Bxd3 11. Qxd3 Ngf6 12. Bd2 Qb6 13. O-O-O O-O-O 14. Qe2 Bb4 15. c3 Bd6 16. Ne5 Rhf8 17. Nxf7 Rxf7 18. Qxe6 Ba3 19. bxa3 Rff8 20. Nf5 Kb8 21. Qb3 Qa5 22. Nxg7 Rg8 23. Ne6 Rde8 24. f5 Rxg2 25. Bf4+ Kc8 26. Rd2 Rxd2 27. Bxd2 Qxf5 28. Ng7 Qe4 29. Re1 Qxe1+ 30. Bxe1 Rxe1+ 31. Kd2 Re7 32. Nf5 Re8 33. Nd6+ Kd8 34. Nxe8 Kxe8 35. Qxb7 Nxh5 36. Qxc6 Nf6 37. Qa8+ Ke7 38. Qxa7 h5 39. Qc7 Ke6 40. Qc6+ Kf5 41. Qb5+ Kg4 42. Qe2+ Kg5 43. a4 h4 44. a5 h3 45. a6 Ng4 46. a7 Nb6 47. Qb5+ Kh4 48. Qxb6 h2 49. Qc6 Nf2 50. a8=Q h1=N 51. Qxh1+ Nxh1 52. Qxh1+ 1-0


[Site "https://www.chess.com"]

[Event "Titled Tuesday Blitz July 18 Late 2023"]
[White "Piekarski, Atila Balzer"]
[Black "Santos, Rafael Ventura Dos"]
[WhiteFideId "2119552"]
[BlackFideId "2122227"]
[WhiteElo "2062"]
[BlackElo "2283"]
[Result "0-1"]
[Round "8"]
[TimeControl "180+2"]
[Date "2023.07.18"]
[WhiteClock "0:00:34"]
[BlackClock "0:00:32"]
[Board "129"]

1. d4 Nf6 2. c4 g6 3. Nc3 Bg7 4. e4 O-O 5. Nf3 d6 6. Be2 e5 7. Be3 Ng4 8. Bg5 f6 9. Bc1 Nc6 10. h3 exd4 11. Nxd4 Nxd4 12. Qxd4 Ne5 13. O-O Be6 14. f4 Nc6 15. Qd3 f5 16. Bd2 Re8 17. exf5 Bxf5 18. Qd5+ Kh8 19. Rae1 Nb4 20. Qxb7 Bd4+ 21. Kh1 Rb8 22. Qf3 Nc2 23. Rd1 Rxb2 24. Bc1 Rb8 25. Nd5 Bg7 26. Bd3 Nd4 27. Qg3 Bxd3 28. Qxd3 Nf5 29. Kh2 h5 30. Rfe1 c6 31. Ne3 Nxe3 32. Rxe3 Rxe3 33. Bxe3 d5 34. Qxg6 d4 35. Qxh5+ Kg8 36. Qg5 Qxg5 37. fxg5 dxe3 0-1


[Site "https://www.chess.com"]